 Dungeon Crawl Stone Soup version 0.15.2 (webtiles) character file.

21295 StrictlyMummy the Martial Artist (level 12, -5/100 HPs)
             Began as a Mummy Monk on Feb 22, 2021.
             Was a Priest of Okawaru.
             Slain by a tentacled starspawn (16 damage)
             ... on Level 1 of the Abyss on Feb 24, 2021.
             The game lasted 01:45:09 (30928 turns).

StrictlyMummy the Martial Artist (Mummy Monk)      Turns: 30928, Time: 01:45:10

HP  -5/100       AC  8     Str 12 (14) XL: 12   Next: 52%
MP  12/12        EV 19     Int  7 (9)  God: Okawaru [***...]
Gold 1708        SH  0     Dex 15 (18) Spells:  0 memorised, 11 levels left

rFire  x . .     SeeInvis +       - Unarmed
rCold  + . .     Clarity  .     (no armour)
rNeg   + + +     rCorr    .     (no shield)
rPois  +         rRot     +     i - +1 helmet
rElec  .         Spirit   .     o - +0 cloak
SustAb .         Warding  .     j - +2 pair of gloves {archery}
rMut   .         Stasis   .     (no boots)
Gourm  .                        (no amulet)
MR     +....                    h - ring of see invisible
                                c - +2 ring of protection

@: heroism, constricted, somewhat resistant to hostile enchantments, quite
stealthy
A: no food or potions, fire vulnerability, restore body, cold resistance 1,
negative energy resistance 3, poison resistance, torment resistance, unbreathing
a: Heroism, Renounce Religion


You were on level 1 of the Abyss.
You worshipped Okawaru.
Okawaru was most pleased with you.
You were not hungry.

You visited 4 branches of the dungeon, and saw 17 of its levels.
You visited the Abyss 1 time.
You also visited: Ossuary and Volcano.

You collected 1838 gold pieces.
You spent 130 gold pieces at shops.

Inventory:

Armour
 i - a +1 helmet (worn)
 j - a +2 pair of gloves of archery (worn)
 o - a +0 cloak (worn)
Magical devices
 g - a wand of flame (10)
 l - a wand of polymorph (1) {unknown}
 n - a wand of digging (17) {unknown}
 t - a wand of magic darts (10)
 v - a wand of flame (10)
Comestibles
 s - 20 fruits (quivered)
Scrolls
 a - a scroll of noise
 b - 2 scrolls of blinking
 d - 11 scrolls of remove curse
 e - 4 scrolls of identify
 f - 3 scrolls of amnesia
 k - 2 scrolls of teleportation
 m - a scroll of enchant armour
 p - 3 scrolls of fear
 q - a scroll of silence
 r - a scroll of fog
 w - a scroll of vulnerability
 x - a scroll of recharging
Jewellery
 c - a +2 ring of protection (left hand)
 h - a ring of see invisible (right hand)


   Skills:
 + Level 11.2(16.2) Fighting
 + Level 6.3(11.3) Dodging
 + Level 6.6(11.6) Stealth
 * Level 12.9(17.9) Unarmed Combat


You had 11 spell levels left.
You didn't know any spells.

Dungeon Overview and Level Annotations

Branches:
Dungeon (11/15)            Temple (1/1) D:6             Orc (4/4) D:10
    Elf (0/3) Orc:4          Lair (1/8) D:8

Altars:
Ashenzari
Cheibriados
Dithmenos
Elyvilon
Fedhas
Kikubaaqudgha
Makhleb
Nemelex Xobeh
Okawaru
Qazlal
Sif Muna
Trog
Vehumet
Xom
Yredelemnul
Zin
The Shining One
Beogh

Shops:
D:4 =


Innate Abilities, Weirdness & Mutations

You do not eat or drink.
Your flesh is vulnerable to fire.
Your flesh is cold resistant.
You are immune to negative energy.
Your system is resistant to poisons.
You are immune to unholy pain and torment.
You can survive without breathing.


Message History

The starspawn tentacle grabs you. The starspawn tentacle constricts you.
The tentacled starspawn barely misses you.
The tentacled starspawn misses you.
You barely miss the tentacled starspawn.
The starspawn tentacle loses its grip on you.
The tentacled starspawn is heavily damaged.
The starspawn tentacle misses you.
You pummel the tentacled starspawn!!
The tentacled starspawn is severely damaged.
The tentacled starspawn misses you. The tentacled starspawn engulfs you!!
* * * LOW HITPOINT WARNING * * *
The starspawn tentacle closely misses you.
The starspawn tentacle grabs you. The starspawn tentacle constricts you.
Read which item? (? for menu, Esc to quit)
Your blink will be uncontrolled - continue anyway?
As you read the scroll of blinking, it crumbles to dust.
A powerful magic interferes with your control of the blink.
Your attempt to break free from the starspawn tentacle fails, but you feel that another attempt might succeed.
The tentacled starspawn bites you!
You die...

..#. .... .##
..# # #..#
..####...
.#..#.#..#..
..#.#...#
.#...#..# x
...#Xw.####..#
#.#@.##...#
#......##
#.#..#.....#.##
#..##.#.#.......
. .. #......#. #
..####..#### ..#
## . .... .##..#
#. . ##...# # #
.# . ...####


You could see a tentacled starspawn and a starspawn tentacle.

Vanquished Creatures
  A wretched star (Abyss:1)
  2 starcursed masses (Abyss:1)
  2 hill giants
  A large abomination (Abyss:1)
  Pikel (D:7)
  An ugly thing (D:11)
  A sixfirhy (Abyss:1)
  A guardian serpent (D:10)
  An item mimic (D:11)
  An orange demon (Abyss:1)
  A kobold demonologist (D:11)
  Grinder (D:4)
  An ancient zyme (Abyss:1)
  3 trolls
  A two-headed ogre (D:11)
  A griffon zombie (D:11)
  19 yaks
  A deep elf mage (D:9)
  2 hungry ghosts
  A wyvern (D:8)
  A fire bat (Volcano)
  A neqoxec (Abyss:1)
  An ogre zombie (D:10)
  7 wargs
  2 hippogriffs
  An ice beast (D:10)
  3 water moccasins
  A porcupine (Lair:1)
  6 sky beasts
  A small abomination (Abyss:1)
  15 orc warriors
  A black bear (D:6)
  14 ogres
  A necrophage (D:6)
  3 centaurs
  A phantom (D:9)
  4 slaves (D:7)
  Sigmund (D:4)
  Duvessa (D:5)
  A brain worm (Abyss:1)
  6 giant frogs
  A yak zombie (D:8)
  A yak skeleton (D:9)
  9 scorpions
  15 wights
  9 killer bees
  23 orc priests
  Dowan (D:5)
  2 goliath beetles
  A giant frog zombie (D:6)
  11 crimson imps
  6 hounds
  4 iguanas
  3 jellies
  A quasit (D:7)
  27 orc wizards
  Natasha (thrice) (D:3)
  6 worker ants
  5 sheep (Lair:1)
  A big kobold zombie (D:7)
  A mottled dragon zombie (D:11)
  A hound zombie (D:5)
  A hound skeleton (D:6)
  7 gnolls
  6 shadow imps
  14 adders
  A worm (D:2)
  5 giant geckos
  156 orcs
  A bat skeleton (D:7)
  10 giant cockroaches
  30 goblins
  15 hobgoblins
  20 jackals
  2 oozes
  4 quokkas
  5 ball pythons
  19 bats
  A giant gecko skeleton (D:4)
  12 giant newts
  2 giant spores (D:7)
  A goblin skeleton (D:6)
  2 goblin zombies (D:6)
  2 hobgoblin skeletons
  A hobgoblin zombie (D:6)
  28 kobolds
  2 orc skeletons
  2 orc zombies
  21 rats
  A spectral orc (D:3)
  5 ballistomycetes
622 creatures vanquished.

Vanquished Creatures (others)
  A giant spore (D:8)
  A starspawn tentacle (Abyss:1)
2 creatures vanquished.

Grand Total: 624 creatures vanquished

Notes
Turn   | Place    | Note
--------------------------------------------------------------
     0 | D:1      | StrictlyMummy, the Mummy Monk, began the quest for the Orb.
     0 | D:1      | Reached XP level 1. HP: 18/18 MP: 1/1
   314 | D:1      | Reached XP level 2. HP: 24/24 MP: 2/2
  1038 | D:1      | Reached skill level 4 in Unarmed Combat
  1370 | D:1      | Reached XP level 3. HP: 29/29 MP: 3/3
  2669 | D:2      | Reached XP level 4. HP: 35/35 MP: 4/4
  3232 | D:2      | Found a radiant altar of Vehumet.
  3233 | D:2      | Found a bloodstained altar of Trog.
  3239 | D:2      | Found a snail-covered altar of Cheibriados.
  3239 | D:2      | Found a deep blue altar of Sif Muna.
  3241 | D:2      | Found a stormy altar of Qazlal.
  3243 | D:2      | Found an ancient bone altar of Kikubaaqudgha.
  3377 | D:3      | Found a shattered altar of Ashenzari.
  3635 | D:3      | Reached skill level 5 in Unarmed Combat
  4038 | D:2      | Reached XP level 5. HP: 8/41 MP: 5/5
  4595 | D:3      | Noticed Natasha
  4822 | D:3      | Found a glowing silver altar of Zin.
  5069 | D:4      | Found Hofohew's Jewellery Shop.
  5461 | D:4      | Reached skill level 6 in Unarmed Combat
  5461 | D:4      | Reached XP level 6. HP: 28/47 MP: 6/6
  5572 | D:4      | Bought a +2 ring of protection for 130 gold pieces
  6743 | D:4      | Noticed Grinder
  6811 | D:4      | Paralysed by Grinder for 5 turns
  6831 | D:4      | Killed Grinder
  6831 | D:4      | Reached XP level 7. HP: 42/54 MP: 7/7
  6924 | D:4      | Noticed an ogre
  6984 | D:4      | Noticed Sigmund
  7206 | D:5      | Entered Level 5 of the Dungeon
  7206 | D:5      | Noticed Duvessa
  7413 | D:5      | Found a sand-covered staircase.
  7424 | D:5      | Reached skill level 7 in Unarmed Combat
  7433 | Ossuary  | Entered an ossuary
  7433 | Ossuary  | Noticed MordorOrchid's ghost (experienced OpHe)
  8434 | D:5      | Reached skill level 5 in Fighting
  8841 | D:6      | Found a glowing golden altar of the Shining One.
  9054 | D:6      | Found a staircase to the Ecumenical Temple.
  9109 | Temple   | Entered the Ecumenical Temple
  9220 | Temple   | Became a worshipper of Warmaster Okawaru
  9220 | Temple   | Acquired Okawaru's first power
  9343 | D:6      | Reached XP level 8. HP: 55/64 MP: 5/8
  9501 | D:5      | Killed Duvessa
  9507 | D:5      | Noticed Dowan
  9520 | D:5      | Killed Dowan
  9841 | D:5      | Reached skill level 8 in Unarmed Combat
  9977 | D:4      | Killed Sigmund
  9984 | D:4      | Killed an ogre
 10506 | D:3      | Found a basalt altar of Yredelemnul.
 10587 | D:3      | Killed Natasha
 10696 | D:3      | Found a shattered altar of Ashenzari.
 10796 | D:3      | Found a glowing silver altar of Zin.
 10923 | D:3      | Noticed Natasha
 10932 | D:3      | Killed Natasha
 10970 | D:3      | Found a basalt altar of Yredelemnul.
 11167 | D:3      | Found a shattered altar of Ashenzari.
 11230 | D:3      | Noticed Natasha
 11234 | D:3      | Killed Natasha
 12393 | D:5      | Reached XP level 9. HP: 56/72 MP: 9/9
 12675 | D:5      | Reached skill level 9 in Unarmed Combat
 14002 | D:7      | Noticed Pikel
 14066 | D:7      | Killed Pikel
 14133 | D:7      | Reached skill level 10 in Unarmed Combat
 15273 | D:8      | Reached XP level 10. HP: 61/82 MP: 10/10
 15450 | D:8      | Found a deep blue altar of Sif Muna.
 15966 | D:8      | Found a staircase to the Lair.
 16916 | D:8      | Noticed a hill giant
 16937 | D:8      | Killed a hill giant
 17212 | D:9      | Reached skill level 11 in Unarmed Combat
 18314 | D:9      | Reached XP level 11. HP: 30/90 MP: 11/11
 20019 | D:10     | Entered Level 10 of the Dungeon
 20044 | D:9      | Reached skill level 10 in Fighting
 20476 | D:10     | Found a staircase to the Orcish Mines.
 20600 | Orc:1    | Entered Level 1 of the Orcish Mines
 22323 | Orc:2    | Found a roughly hewn altar of Beogh.
 24550 | Orc:4    | Entered Level 4 of the Orcish Mines
 24565 | Orc:4    | Found a staircase to the Elven Halls.
 24869 | Orc:4    | Reached skill level 5 in Dodging
 24869 | Orc:4    | Reached skill level 5 in Stealth
 25009 | Orc:4    | Reached skill level 12 in Unarmed Combat
 26484 | Orc:4    | Noticed a sun demon
 28080 | D:10     | Reached XP level 12. HP: 51/99 MP: 12/12
 29644 | Lair:1   | Entered Level 1 of the Lair of Beasts
 29848 | Lair:1   | Found a dark tunnel.
 29964 | Volcano  | Entered a volcano
 30113 | Volcano  | Noticed an ogre mage
 30128 | Volcano  | Found a bloodstained altar of Trog.
 30128 | Volcano  | Cast into the Abyss (ogre mage)
 30166 | Abyss:1  | Noticed a tentacled starspawn
 30247 | Abyss:1  | Noticed a balrug
 30319 | Abyss:1  | Noticed a starcursed mass
 30339 | Abyss:1  | Killed a starcursed mass
 30341 | Abyss:1  | Killed a starcursed mass
 30880 | Abyss:1  | Noticed a bone dragon
 30914 | Abyss:1  | Noticed a tentacled starspawn
 30928 | Abyss:1  | Slain by a tentacled starspawn

Action                   |  1- 3 |  4- 6 |  7- 9 | 10-12 || total
-------------------------+-------+-------+-------+-------++-------
Melee: Unarmed           |   184 |   274 |   633 |  1410 ||  2501
Invok: Heroism           |       |       |    12 |    17 ||    29
  Use: Scroll            |     3 |     4 |     6 |    10 ||    23
 Stab: Sleeping          |     2 |     3 |     9 |    15 ||    29
       Distracted        |       |       |       |     2 ||     2
